 Dungeon Sprint DCSS version 0.21.0-3-g78d12a8 (webtiles) character file.

3700000 Sayani the Conqueror (level 18, -7/200 HPs)
             Began as a Minotaur Berserker on Jan 11, 2018.
             Was a High Priest of Trog.
             Mangled by a meat berserker
             ... wielding a +9 battleaxe
              (48 damage)
             ... in the Dungeon (Sprint VIII: "Arena of Blood").
             The game lasted 00:02:22 (37 turns).

Sayani the Conqueror (Minotaur Berserker)             Turns: 37, Time: 00:02:22

Health: -7/200     AC:  4    Str: 29    XL:     18   Next: 74%
Magic:  17/17      EV: 27    Int:  4    God:    Trog [*****.]
Gold:   0          SH:  0    Dex: 11    Spells: 17/17 levels left

rFire    . . .     SeeInvis .   j - +โˆž Axe of Woe
rCold    . . .     Gourm    .   (shield currently unavailable)
rNeg     . . .     Faith    .   b - +0 animal skin
rPois    .         Spirit   .   (helmet restricted)
rElec    .         Reflect  .   (no cloak)
rCorr    .         Harm     .   (no gloves)
MR       +....     NoTele   +   (no boots)
Stlth    +++++++++.             (no amulet)
HPRegen  0.43/turn              k - +200 ring of slaying
MPRegen  0.15/turn              l - +30 ring of slaying

@: no status effects
A: retaliatory headbutt, horns 2
a: Berserk, Trog's Hand, Brothers in Arms, Burn Spellbooks, Renounce Religion


You were in the Dungeon.
You worshipped Trog.
Trog was extremely pleased with you.
You were not hungry.

You visited 1 branch

Inventory:

Hand Weapons
 a - a +0 hand axe
 j - the +โˆž Axe of Woe (weapon)
   (You found it in the Dungeon)
Armour
 b - a +0 animal skin (worn)
Jewellery
 k - a +200 ring of slaying (left hand)
 l - a +30 ring of slaying (right hand)
Scrolls
 i - a scroll of blinking
Potions
 d - a potion of curing
 e - a potion of heal wounds
 f - a potion of haste
 g - 2 potions of magic
 h - a potion of berserk rage
Comestibles
 c - a ration


   Skills:
 O Level 27 Fighting
 O Level 27 Axes
 + Level 18.5 Throwing
 O Level 27 Armour
 O Level 27 Dodging
 O Level 27 Stealth
 + Level 19.9 Unarmed Combat


You had 17 spell levels left.
You didn't know any spells.

Dungeon Overview and Level Annotations

Branches:
Dungeon (1/1)

Altars:
Makhleb


Innate Abilities, Weirdness & Mutations

You reflexively headbutt those who attack you in melee.
You have a pair of horns on your head.


Message History

You dice the meat berserker like an onion!!!
You fatally mangle the meat berserker.
You kill the meat berserker!
Trog accepts your kill.
Your Throwing skill gained 5 levels and is now at level 18!
Your Unarmed Combat skill gained 5 levels and is now at level 19!
You hear a shout!
The meat berserker rages. x2
You hear a shout! x5; You hear two shouts!
You hear a shout! 2 orcs and a vampire knight come into view.
The destroyer is wielding a +9 great sword of slicing.
The bag of meat shouts!
The meat berserker shouts!
You hear a shout! x2
The meat berserker hits you with a +9 battleaxe!!!!
The destroyer shouts!
You hear a shout! x6
The meat berserker hits you with a +9 battleaxe!!!!
* * * LOW HITPOINT WARNING * * *
The destroyer blinks!
You hear a shout! x2
The meat berserker hits you with a +9 battleaxe!!!
You die... oo.Oo....... .o....V...ยง oo.........

z.Oo......
#.O.....#
#.O.....# .
...###.OO....###..
.......@###.......
#.......)_z.......
......#..X..#....
......#_.<._# .
..... #.....#
#......O._........
........###.......
...###... ..###..
#.. ..# .


You could see a destroyer, 2 sculptors of flesh, 2 large bags of meat, a large
abomination, 5 meat berserkers and 7 bags of meat.

Vanquished Creatures
  A vampire knight (D)
  4 ogres (D)
  8 orcs (D)
13 creatures vanquished.

Notes
Turn   | Place    | Note
-------+----------+-------------------------------------------
     0 | D        | Found the +โˆž Axe of Woe
     0 | D        | Sayani the Minotaur Berserker began the quest for the Orb.
     0 | D        | Reached XP level 1. HP: 19/19 MP: 0/0
     3 | D        | Noticed a bag of meat
     3 | D        | Noticed a bag of meat
     4 | D        | Noticed a bag of meat
     6 | D        | Killed a bag of meat
     6 | D        | Reached skill level 10 in Armour
     6 | D        | Reached XP level 2. HP: 59/59 MP: 1/1
     6 | D        | Reached XP level 3. HP: 66/66 MP: 2/2
     6 | D        | Reached XP level 4. HP: 74/74 MP: 3/3
     6 | D        | Reached XP level 5. HP: 81/81 MP: 4/4
     6 | D        | Reached XP level 6. HP: 90/90 MP: 5/5
     6 | D        | Reached XP level 7. HP: 96/96 MP: 6/6
     6 | D        | Reached XP level 8. HP: 105/105 MP: 7/7
     6 | D        | Reached XP level 9. HP: 112/112 MP: 8/8
     6 | D        | Reached XP level 10. HP: 121/121 MP: 9/9
     6 | D        | Reached XP level 11. HP: 127/127 MP: 10/10
     7 | D        | Noticed a bag of meat
     7 | D        | Killed a bag of meat
     7 | D        | Reached ** piety under Trog
     7 | D        | Reached XP level 12. HP: 143/143 MP: 11/11
     9 | D        | Noticed a bag of meat
     9 | D        | Killed a bag of meat
     9 | D        | Reached skill level 10 in Dodging
     9 | D        | Reached XP level 13. HP: 155/155 MP: 12/12
    10 | D        | Killed a bag of meat
    10 | D        | Reached skill level 27 in Fighting
    10 | D        | Reached skill level 27 in Axes
    10 | D        | Reached skill level 15 in Armour
    10 | D        | Reached XP level 14. HP: 168/168 MP: 13/13
    11 | D        | Noticed a meat berserker
    15 | D        | Noticed a meat berserker
    15 | D        | Killed a meat berserker
    15 | D        | Reached XP level 15. HP: 174/174 MP: 14/14
    16 | D        | Reached *** piety under Trog
    20 | D        | Killed a meat berserker
    20 | D        | Reached skill level 27 in Armour
    20 | D        | Reached XP level 16. HP: 183/183 MP: 15/15
    22 | D        | Noticed a meat berserker
    23 | D        | Reached skill level 27 in Dodging
    25 | D        | Reached **** piety under Trog
    25 | D        | Reached skill level 15 in Stealth
    26 | D        | Noticed a destroyer
    26 | D        | Reached XP level 17. HP: 191/191 MP: 16/16
    27 | D        | Killed a meat berserker
    31 | D        | Killed a destroyer
    31 | D        | Reached ***** piety under Trog
    31 | D        | Reached skill level 27 in Stealth
    31 | D        | Reached XP level 18. HP: 200/200 MP: 17/17
    32 | D        | Noticed a meat berserker
    33 | D        | Noticed a meat berserker
    33 | D        | Noticed a meat berserker
    33 | D        | Noticed a large bag of meat
    34 | D        | Noticed a meat berserker
    35 | D        | Noticed a meat berserker
    35 | D        | Noticed a meat berserker
    35 | D        | Noticed a sculptor of flesh
    36 | D        | Noticed a sculptor of flesh
    36 | D        | Killed a meat berserker
    37 | D        | Noticed a destroyer
    37 | D        | Mangled by a meat berserker

Skill      XL: |  1  2  3  4  5  6  7  8  9 10 11 12 13 14 15 16 17 18 |
---------------+-------------------------------------------------------+-----
Fighting       | 21 24 25 27 | 27.0
Axes           | 21 24 26 27 | 27.0
Armour         | 10 11 12 15 22 27 | 27.0
Dodging        | 7 9 10 12 19 25 27 | 27.0
Stealth        | 19 27 | 27.0
Throwing       | 13 18 | 18.5
Unarmed Combat | 14 19 | 19.9

Action                   |  1- 3 |  4- 6 |  7- 9 | 10-12 | 13-15 | 16-18 || total
-------------------------+-------+-------+-------+-------+-------+-------++-------
Melee: Executioner's axe |     1 |       |       |     2 |     4 |     6 ||    13
